 Dungeon Crawl Stone Soup version 0.29.0-11-gd7f09526c8 (webtiles) character file.

Game seed: 4197788732772643334

754 hilljack the Caller (level 7, -1/46 (51) HPs)
             Began as a Gnoll Summoner on Sept 5, 2022.
             Was an Initiate of Sif Muna.
             Slain by a wight
             ... wielding a +4 falchion
              (11 damage)
             ... on level 6 of the Dungeon.
             The game lasted 00:14:03 (7048 turns).

hilljack the Caller (Gnoll Summoner)                Turns: 7048, Time: 00:14:04

HP:   -1/46 (51)    AC:  5    Str:  7    XL:     7   Next: 79%
MP:   9/15          EV: 17    Int: 16    God:    Sif Muna [......]
Gold: 272           SH:  0    Dex: 13    Spells: 4/17 levels left

rFire   . . .      SeeInvis .   i - +1 dagger (venom)
rCold   . . .      Faith    .   (no shield)
rNeg    . . .      Spirit   .   j - +0 leather armour
rPois   .          Reflect  .   m - +0 helmet
rElec   .          Harm     .   (no cloak)
rCorr   .          Rampage  .   g - +0 pair of gloves
Will    .....                   (no boots)
Stlth   +++.......              (no amulet)
HPRegen 0.15/turn               r - +4 ring of evasion
MPRegen 0.14/turn               (no ring)

@: drained
A: fangs 1, strong nose, distributed training
a: Renounce Religion


You were on level 6 of the Dungeon.
You worshipped Sif Muna.
Sif Muna was noncommittal.
You visited 2 branches of the dungeon, and saw 7 of its levels.

You collected 272 gold pieces.

Inventory:

Hand Weapons
 e - a +0 short sword
 i - a +1 dagger of venom (weapon)
Missiles
 c - 8 poisoned darts
Armour
 g - a +0 pair of gloves (worn)
 j - a +0 leather armour (worn)
 m - a +0 helmet (worn)
Jewellery
 r - a +4 ring of evasion (left hand)
 u - a ring of fire
Wands
 n - a wand of flame (12)
 o - a wand of paralysis (12)
Scrolls
 d - 2 scrolls of fog
 h - a scroll of torment
 k - 2 scrolls of blinking
 l - a scroll of identify
 p - a scroll of amnesia {unknown}
 v - 2 scrolls of enchant armour
Potions
 a - a potion of attraction
 b - a potion of magic
 f - 3 potions of curing
 t - a potion of lignification


   Skills:
 + Level 2.8 Fighting
 + Level 2.8 Short Blades
 + Level 2.8 Long Blades
 + Level 2.8 Axes
 + Level 2.8 Maces & Flails
 + Level 2.8 Polearms
 + Level 2.8 Staves
 + Level 2.8 Ranged Weapons
 + Level 2.8 Throwing
 + Level 2.8 Armour
 + Level 5.4 Dodging
 + Level 5.1 Stealth
 + Level 2.8 Shields
 + Level 2.8 Unarmed Combat
 + Level 5.8 Spellcasting
 + Level 2.3 Conjurations
 + Level 2.3 Hexes
 + Level 7.5 Summonings
 + Level 2.3 Necromancy
 + Level 2.3 Translocations
 + Level 2.3 Transmutations
 + Level 2.3 Fire Magic
 + Level 2.3 Ice Magic
 + Level 2.3 Air Magic
 + Level 2.3 Earth Magic
 + Level 2.3 Poison Magic
 + Level 3.1 Invocations
 + Level 2.8 Evocations


You had 4 spell levels left.
You knew the following spells:

 Your Spells              Type           Power      Damage    Failure   Level
a - Summon Small Mammal   Summ           100%       N/A       1%          1
b - Call Imp              Summ           28%        N/A       1%          2
c - Call Canine Familiar  Summ           28%        N/A       2%          3
d - Summon Guardian Gole  Hex/Summ       20%        N/A       9%          3
e - Summon Lightning Spi  Summ/Air       20%        N/A       26%         4

Your spell library contained the following spells:

 Spells                   Type           Power      Damage    Failure   Level
 Confusing Touch          Hex            12%        N/A       24%         3
 Yara's Violent Unravell  Hex/Tmut       6%         3d5       91%         5
 Enfeeble                 Hex            6%         N/A       100%        7


Dungeon Overview and Level Annotations

Branches:
Dungeon (6/15)             Temple (1/1) D:4

Altars:
Ashenzari
Dithmenos
Elyvilon
Fedhas
Gozag
Hepliaklqana
Kikubaaqudgha
Makhleb
Qazlal
Sif Muna
Vehumet
Xom
Yredelemnul
The Shining One

Shops:
D:1 [


Innate Abilities, Weirdness & Mutations

You have very sharp teeth.
Your uncanny sense of smell can sniff out nearby items.
Your experience applies equally to all skills.


Message History

Your hound bites the wight.
The wight closely misses you.
You hit the wight but do no damage. Your bite misses the wight.
The wight is moderately damaged.
Your crimson imp misses the wight.
Your hound barely misses the wight.
You hit the wight but do no damage.
The wight is moderately damaged.
The wight closely misses you.
Your hound barely misses the wight.
Your crimson imp hits the wight but does no damage.
Casting: Call Imp (safe; 1% risk of failure)
Confirm with . or Enter, or press ? or * to list all spells.
Your hound bites the wight but does no damage.
The wight misses you.
Your crimson imp barely misses the wight.
Your hound bites the wight but does no damage.
The wight hits you with a +4 falchion.
Your hound closely misses the wight.
Your crimson imp hits the wight.
Your quokka bites the wight but does no damage.
Casting: Summon Small Mammal (safe; 1% risk of failure)
Confirm with . or Enter, or press ? or * to list all spells.
Your hound closely misses the wight.
The wight hits you with a +4 falchion.
You feel drained.
Your crimson imp hits the wight but does no damage.
Your quokka closely misses the wight.
Your hound bites the wight but does no damage.
The wight hits you with a +4 falchion.
Your hound closely misses the wight.
Your quokka bites the wight but does no damage.
Your crimson imp hits the wight.
Your rat bites the wight.
You hit the wight but do no damage.
The wight is heavily damaged.
Your hound closely misses the wight.
The wight hits you with a +4 falchion.
* * * LOW HITPOINT WARNING * * *
You feel drained.
* * * LOW HITPOINT WARNING * * *
Your quokka bites the wight but does no damage.
Your crimson imp hits the wight but does no damage.
Your hound barely misses the wight.
You swap places.
Your rat bites the wight.
Your quokka completely misses the wight.
The wight hits you with a +4 falchion!
You die...

##..?.*#........#......#
#.....##......>...†..###
##...#........#.........
*#...........##.........
**....#.......###........
*,...###..##..###........
**..,#r.h................
*#**##z5.........##....#
#r@.#.#####.,######
####### *,..,* *...,*
#..,** *****


You could see a wight (ally target), a friendly hound (summoned), a friendly
crimson imp (summoned), a friendly quokka (summoned) and a friendly rat
(summoned).

Vanquished Creatures
  A black bear (D:5)
  Blork the orc (D:4)
  A hound (D:5)
  4 jellies
  An orc priest (D:4)
  3 iguanas
  2 orc wizards
  Robin (D:2)
  6 adders
  3 worms
  5 dart slugs
  5 orcs
  4 endoplasms
  2 giant cockroaches
  13 goblins
  11 hobgoblins
  7 jackals
  4 quokkas
  2 ball pythons (D:4)
  5 bats
  3 frilled lizards
  5 kobolds
  6 rats
95 creatures vanquished.

Vanquished Creatures (collateral kills)
  A hound (D:6)
  2 orc priests (D:4)
  2 orcs (D:4)
  3 endoplasms
  A giant cockroach (D:2)
  6 goblins
  3 hobgoblins (D:2)
  2 jackals
  6 kobolds
  A ball python (D:2)
  A frilled lizard (D:1)
28 creatures vanquished.

Vanquished Creatures (others)
  6 plants
  5 withered plants (D:3)
11 creatures vanquished.

Grand Total: 134 creatures vanquished

Notes
Turn   | Place    | Note
-------+----------+-------------------------------------------
     0 | D:1      | hilljack the Gnoll Summoner began the quest for the Orb.
     0 | D:1      | Reached XP level 1. HP: 13/13 MP: 6/6
    83 | D:1      | Reached XP level 2. HP: 15/19 MP: 5/7
   351 | D:1      | Learned a level 2 spell: Call Imp
   463 | D:1      | Reached skill level 5 in Spellcasting
   463 | D:1      | Reached XP level 3. HP: 8/25 MP: 4/9
   724 | D:1      | Found Kisar's Antique Armour Boutique.
   764 | D:1      | Reached skill level 1 in Invocations
  1369 | D:2      | Reached skill level 1 in Fighting
  1369 | D:2      | Reached skill level 1 in Short Blades
  1369 | D:2      | Reached skill level 1 in Long Blades
  1369 | D:2      | Reached skill level 1 in Axes
  1369 | D:2      | Reached skill level 1 in Maces & Flails
  1369 | D:2      | Reached skill level 1 in Polearms
  1369 | D:2      | Reached skill level 1 in Staves
  1369 | D:2      | Reached skill level 1 in Ranged Weapons
  1369 | D:2      | Reached skill level 1 in Throwing
  1369 | D:2      | Reached skill level 1 in Armour
  1369 | D:2      | Reached skill level 1 in Shields
  1369 | D:2      | Reached skill level 1 in Unarmed Combat
  1369 | D:2      | Reached skill level 1 in Evocations
  1440 | D:2      | Reached XP level 4. HP: 17/32 MP: 7/11
  1988 | D:2      | Noticed Robin
  2003 | D:2      | Killed Robin
  2004 | D:2      | Reached skill level 1 in Conjurations
  2004 | D:2      | Reached skill level 1 in Hexes
  2004 | D:2      | Reached skill level 1 in Necromancy
  2004 | D:2      | Reached skill level 1 in Translocations
  2004 | D:2      | Reached skill level 1 in Transmutations
  2004 | D:2      | Reached skill level 1 in Fire Magic
  2004 | D:2      | Reached skill level 1 in Ice Magic
  2004 | D:2      | Reached skill level 1 in Air Magic
  2004 | D:2      | Reached skill level 1 in Earth Magic
  2004 | D:2      | Reached skill level 1 in Poison Magic
  2250 | D:2      | Found a faded altar of an unknown god.
  2272 | D:2      | Found an opulent altar of Gozag.
  2580 | D:2      | Reached XP level 5. HP: 33/37 MP: 12/12
  3125 | D:3      | Found a blossoming altar of Fedhas.
  3130 | D:3      | Found an ancient bone altar of Kikubaaqudgha.
  3970 | D:4      | Learned a level 3 spell: Call Canine Familiar
  4072 | D:4      | Found a basalt altar of Yredelemnul.
  4197 | D:4      | Learned a level 3 spell: Summon Guardian Golem
  4202 | D:4      | Learned a level 4 spell: Summon Lightning Spire
  4233 | D:4      | Reached XP level 6. HP: 44/44 MP: 6/13
  4288 | D:4      | Found a staircase to the Ecumenical Temple.
  4327 | Temple   | Entered the Ecumenical Temple
  4327 | Temple   | Found a transporter.
  4327 | Temple   | Found a transporter.
  4334 | Temple   | Reached skill level 5 in Dodging
  4532 | Temple   | Found a transporter.
  4532 | Temple   | Found a transporter.
  4573 | Temple   | Became a worshipper of Sif Muna the Loreminder
  4823 | D:4      | HP: 1/44 [orc priest/+0 dagger (4)]
  4982 | D:4      | Found a burning altar of Makhleb.
  5210 | D:4      | Found a hazy altar of Hepliaklqana.
  5213 | D:4      | Found a broken altar of Ashenzari.
  5323 | D:4      | Noticed Blork the orc
  5338 | D:4      | Killed Blork the orc
  5791 | D:5      | Entered Level 5 of the Dungeon
  5809 | D:5      | Reached XP level 7. HP: 45/50 MP: 15/15
  6215 | D:5      | Reached skill level 5 in Stealth
  6321 | D:5      | Found a stormy altar of Qazlal.
  7048 | D:6      | Slain by a wight

Illustrated notes

Levels and vault maps discovered:
D:1:      matt_arrival_debris, layout_rooms, serial_shops,
          nicolae_shop_overgrown_old_shop
D:2:      layout_basic, basic_altar, shapermc_ecumenical_altar_mp_highgroup,
          chequers_serial_rivers_small_b, minmay_crystal_water, uniq_robin
D:3:      layout_loops_corners, grunt_temple_overflow_growth_and_decay
D:4:      layout_cave_pools, grunt_temple_overflow_open,
          mainiacjoe_overflow_chevrons, minmay_temple_entry_butterflies,
          uniq_blork_the_orc
D:5:      layout_rooms, grunt_qazlal_clouds
D:6:      layout_cave_pools
Temple:   hellmonk_temple_divided_pantheon

Skill      XL: |  1  2  3  4  5  6  7 |
---------------+----------------------+-----
Spellcasting   | 5 |  5.8
Invocations    | 1 2 3 |  3.1
Fighting       | 1 2 |  2.8
Short Blades   | 1 2 |  2.8
Long Blades    | 1 2 |  2.8
Axes           | 1 2 |  2.8
Maces & Flails | 1 2 |  2.8
Polearms       | 1 2 |  2.8
Staves         | 1 2 |  2.8
Ranged Weapons | 1 2 |  2.8
Throwing       | 1 2 |  2.8
Armour         | 1 2 |  2.8
Shields        | 1 2 |  2.8
Unarmed Combat | 1 2 |  2.8
Evocations     | 1 2 |  2.8
Conjurations   | 1 2 |  2.3
Hexes          | 1 2 |  2.3
Necromancy     | 1 2 |  2.3
Translocations | 1 2 |  2.3
Transmutations | 1 2 |  2.3
Fire Magic     | 1 2 |  2.3
Ice Magic      | 1 2 |  2.3
Air Magic      | 1 2 |  2.3
Earth Magic    | 1 2 |  2.3
Poison Magic   | 1 2 |  2.3
Dodging        | 5 |  5.4
Stealth        | 5 |  5.1
Summonings     | |  7.5

Action                   |  1- 3 |  4- 6 |  7- 9 || total
-------------------------+-------+-------+-------++-------
Melee: Short sword       |    34 |       |       ||    34
       Unarmed           |     4 |       |       ||     4
       Bite              |    10 |    29 |     9 ||    48
       Dagger            |    61 |   187 |    41 ||   289
       Punch             |     1 |     3 |     1 ||     5
 Cast: Summon Small Mamm |    20 |    12 |     4 ||    36
       Call Imp          |     3 |     9 |     3 ||    15
       Call Canine Famil |       |     2 |     3 ||     5
  Use: Scroll            |       |     7 |     6 ||    13
       Potion            |       |     1 |       ||     1
 Stab: Sleeping          |     4 |     3 |     4 ||    11
       Distracted        |       |     1 |       ||     1
Armor: Robe              |    13 |       |       ||    13
       Leather armour    |    12 |    36 |    12 ||    60
Dodge: Dodged            |    64 |   124 |    37 ||   225
